 Dungeon Crawl Stone Soup version 0.20-a0-263-g81abdfb (webtiles) character file.

56361 HarryHood the Warrior (level 14, -25/100 HPs)
             Began as a Gargoyle Berserker on Dec 4, 2016.
             Was a High Priest of Trog.
             Killed from afar by a thorn hunter (30 damage)
             ... with a volley of thorns
             ... on level 2 of the Swamp.
             The game lasted 01:42:08 (18469 turns).

HarryHood the Warrior (Gargoyle Berserker)         Turns: 18469, Time: 01:42:09

Health: -25/100    AC: 34    Str: 26    XL:     14   Next: 81%
Magic:  23/23      EV: 13    Int: 10    God:    Trog [*****.]
Gold:   1688       SH:  2    Dex: 12    Spells: 13/13 levels left

rFire  + . .     SeeInvis .     L - +2 demon whip (freeze)
rCold  + . .     Gourm    .     K - +2 plate armour {rC+}
rNeg   + + +     Faith    .     (no shield)
rPois  ∞         Spirit   .     F - +0 helmet
rElec  +         Reflect  +     f - +1 cloak
rCorr  .         Harm     .     H - +0 pair of gloves "Umephali" {rF+ rN+}
MR     +....                    y - +0 pair of boots "Hohy" {rN+ Regen+ Int+2}
Stlth  ..........               C - +2 amulet of reflection
                                P - ring of magical power
                                m - +3 ring of strength

@: about to teleport, flying, very slightly contaminated, invisible
A: big wings, negative energy resistance 1, electricity resistance, unbreathing,
petrification resistance, rot immunity, AC +9
a: Stop Flying, Berserk, Trog's Hand, Brothers in Arms, Burn Spellbooks,
Renounce Religion


You were on level 2 of the Swamp.
You worshipped Trog.
Trog was extremely pleased with you.
You were not hungry.

You visited 5 branches of the dungeon, and saw 21 of its levels.
You also visited: Ossuary.

You collected 2163 gold pieces.
You spent 475 gold pieces at shops.

Inventory:

Hand Weapons
 L - a +2 demon whip of freezing (weapon)
 T - a +5 antimagic great mace
Armour
 f - a +1 cloak (worn)
 n - a +2 ring mail of fire resistance
 y - the +0 pair of boots "Hohy" (worn) {rN+ Regen+ Int+2}
   (You bought it in a shop on level 2 of the Orcish Mines)

   It affects your intelligence (+2).
   It protects you from negative energy.
   It increases your rate of regeneration.
 F - a +0 helmet (worn)
 H - the +0 pair of gloves "Umephali" (worn) {rF+ rN+}
   (You bought it in a shop on level 2 of the Orcish Mines)

   It protects you from fire.
   It protects you from negative energy.
 K - a +2 plate armour of cold resistance (worn)
Jewellery
 m - a +3 ring of strength (left hand)
 C - a +2 amulet of reflection (around neck)
 P - a ring of magical power (right hand)
 S - an uncursed amulet of the gourmand
Wands
 r - a wand of flame (48/48)
Scrolls
 a - 12 scrolls of remove curse
 e - 3 scrolls of teleportation
 k - 5 scrolls of fear
 l - 2 scrolls of fog
 p - 5 scrolls of magic mapping
 x - 2 scrolls of enchant weapon
 B - 6 scrolls of recharging
 E - a scroll of summoning
 G - 4 scrolls of identify
 O - 2 scrolls of silence
 Q - 2 scrolls of enchant armour
Potions
 b - 2 potions of ambrosia
 h - 4 potions of flight
 j - 5 potions of heal wounds
 o - 8 potions of curing
 q - 3 potions of haste
 t - 4 potions of cure mutation
 u - a potion of invisibility
 v - 4 potions of agility
 w - 6 potions of brilliance
 z - a potion of resistance
 I - 4 potions of lignification
 J - a potion of might
Miscellaneous
 R - a phial of floods
Comestibles
 c - 10 bread rations
 d - 14 fruits
 g - 3 slices of pizza
 i - 7 meat rations
 s - 12 beef jerkies
 D - 4 royal jellies


   Skills:
 - Level 16.0 Fighting
 * Level 13.2 Maces & Flails
 - Level 12.3 Armour
 - Level 11.0 Dodging


You had 13 spell levels left.
You didn't know any spells.

Dungeon Overview and Level Annotations

Branches:
Dungeon (11/15)            Temple (1/1) D:6            Lair (5/6) D:8
  Swamp (2/4) Lair:3        Snake (0/4) Lair:4          Orc (2/2) D:9
    Elf (0/3) Orc:2
  Slime: Lair:5-6

Altars:
Ashenzari
Cheibriados
Dithmenos
Elyvilon
Fedhas
Gozag
Hepliaklqana
Kikubaaqudgha
Makhleb
Nemelex Xobeh
Okawaru
Qazlal
Ru
Sif Muna
Trog
Uskayaw
Vehumet
Xom
Yredelemnul
Zin
The Shining One

Shops:
D:7 *   D:11 !   Orc:2 *?([

Annotations:
Lair:1 exclusion: oklob plant
Lair:2 exclusion: oklob plant
Lair:3 exclusion: oklob plant


Innate Abilities, Weirdness & Mutations

You are resistant to torment.
Your stone body is resilient. (AC +9)
You are immune to poison.
Your large and strong wings let you fly indefinitely.
You resist negative energy. (rN+)
You are resistant to electric shocks. (rElec)
You can survive without breathing.
You are immune to petrification.
You are immune to rotting.


Message History

The volley of thorns hits you!
The briar patch crumbles away.
The thorn hunter fires a volley of thorns at you.
The volley of thorns hits you!
The briar patch crumbles away.
The briar patch crumbles away.
You fade into invisibility!
The thorn hunter gestures.
Thorny briars emerge from the ground!
You are very lightly contaminated with residual magic.
The thorn hunter gestures.
The thorn hunter fires a volley of thorns at you.
The volley of thorns hits you!
* * * LOW HITPOINT WARNING * * *
Okay, then.
As you read the scroll of teleportation, it crumbles to dust.
You feel strangely unstable.
The thorn hunter fires a volley of thorns at you.
The volley of thorns hits you!
You die...

.≈≈≈≈≈≈≈≈≈≈≈♣♣♣P..♣♣
♣♣≈≈≈≈≈≈≈≈≈≈≈≈.♣..≈≈≈♣
♣♣....≈≈≈.≈≈≈≈....≈≈≈♣♣≈
♣≈...≈.≈...≈≈≈......♣≈.♣
♣≈.≈≈≈≈≈≈.....≈§......≈♣♣♣
.≈≈≈≈≈≈≈.....≈≈≈.....♣♣♣≈
..≈≈.......≈.≈≈.≈≈.♣♣♣♣♣≈
♣≈)...≈...f≈≈≈≈≈♣♣≈.≈.
♣♣♣♣♣≈..@...≈≈≈......<≈≈.
♣.≈♣§.P♣♣♣♣≈..≈...≈≈.≈≈≈≈
♣≈ ♣≈≈≈..§♣
♣≈.≈≈≈♣♣♣≈.≈≈≈≈ ♣..
♣♣♣....♣ ♣≈≈≈≈≈♣♣ ♣♣♣≈≈≈≈
♣≈≈♣♣...≈.♣♣ ♣§≈≈≈.♣ ♣♣...
♣≈.....§≈.♣ ♣.≈≈≈≈≈♣ ♣♣≈♣
....≈≈≈≈.♣♣PP♣§≈.≈♣♣ ♣♣≈
..≈≈≈≈≈.♣♣♣♣PP♣♣♣♣♣ ).≈.≈
.≈≈≈≈.≈.≈♣♣♣♣P≈. §.(.≈≈


You could see a thorn hunter.

Vanquished Creatures
  The ghost of shitimlost the Severer, an adept GrGl of Dithmenos (Swamp:2)
  A thorn hunter (Swamp:2)
  6 hydras
  3 ghost crabs
  7 death yaks
  2 ogre magi (Orc:2)
  An orc high priest (Orc:2)
  2 alligators (Swamp:2)
  A spriggan (Swamp:1)
  A shambling mangrove (Swamp:1)
  A swamp dragon (Swamp:1)
  An ugly thing (D:11)
  An orc sorcerer (Orc:1)
  A cyclops (D:11)
  4 elephants (Lair:3)
  A centaur zombie (D:8)
  Maurice (D:11)
  4 black mambas
  10 spiny frogs
  A torpor snail (Lair:3)
  3 rime drakes (Lair:3)
  A kobold demonologist (D:11)
  4 komodo dragons
  2 trolls
  A queen bee (Lair:3)
  6 two-headed ogres
  3 hornets (Swamp:1)
  2 tyrant leeches
  2 blink frogs (Lair:3)
  8 hippogriffs
  A polar bear (Lair:4)
  A bog body (Swamp:2)
  Sigmund (D:6)
  2 shadows
  2 wyverns
  A wraith (D:10)
  19 yaks
  4 basilisks
  2 vampire mosquitoes (Swamp:2)
  6 insubstantial wisps (Swamp:2)
  A soldier ant (D:10)
  2 wargs (Orc:2)
  6 swamp worms
  3 nagas (Lair:4)
  9 water moccasins
  11 porcupines
  3 swamp drakes
  A hornet zombie (D:10)
  15 orc warriors
  3 sky beasts
  3 phantoms
  3 ice beasts
  2 black bears (D:8)
  4 centaurs
  A wolf (Lair:3)
  23 ogres
  9 crocodiles
  3 big kobolds
  15 bullfrogs
  A gnoll sergeant (D:8)
  A wyvern zombie (D:8)
  A scorpion (D:8)
  25 killer bees (Lair:3)
  17 wights
  2 electric eels (Lair:2)
  3 crimson imps
  4 howler monkeys
  A quasit (D:11)
  2 hounds
  A bullfrog zombie (D:9)
  8 orc priests
  2 bullfrog skeletons
  5 jellies
  3 centaur skeletons
  Jessica (D:3)
  4 iguanas
  17 orc wizards
  7 worker ants
  A hound zombie (D:11)
  8 mummies (Ossuary)
  2 worker ant zombies
  7 gnolls (D:8)
  11 adders
  3 shadow imps
  3 oozes
  2 adder zombies
  2 adder skeletons
  4 worms (D:2)
  4 dart slugs
  5 leopard geckos
  51 orcs
  3 ball pythons
  3 bats
  3 giant cockroaches
  4 goblins
  10 hobgoblins
  18 jackals
  A quokka (D:6)
  5 frilled lizards
  2 hobgoblin zombies (Ossuary)
  19 kobolds
  6 orc zombies (Ossuary)
  2 quokka zombies
  7 rats
529 creatures vanquished.

Vanquished Creatures (collateral kills)
  A thorn hunter (Swamp:2)
  2 ogre magi (Orc:2)
  A spriggan (Swamp:1)
  A spriggan druid (Swamp:1)
  A hornet (Swamp:1)
  11 two-headed ogres (Orc:2)
  14 ogres (Orc:2)
31 creatures vanquished.

Vanquished Creatures (others)
  A human (D:10)
  2 briar patches (Swamp:2)
  A bush (Lair:3)
  9 fungi
  6 plants
19 creatures vanquished.

Grand Total: 579 creatures vanquished

Notes
Turn   | Place    | Note
-------+----------+-------------------------------------------
     0 | D:1      | HarryHood the Gargoyle Berserker began the quest for the Orb.
     0 | D:1      | Reached XP level 1. HP: 14/14 MP: 1/1
   101 | D:1      | Reached XP level 2. HP: 10/19 MP: 2/2
   468 | D:1      | Reached XP level 3. HP: 20/23 MP: 3/3
   580 | D:1      | Reached ** piety under Trog
  1013 | D:2      | Reached XP level 4. HP: 23/28 MP: 4/4
  1414 | D:2      | Reached skill level 5 in Maces & Flails
  1670 | D:2      | Found a deep blue altar of Sif Muna.
  1850 | D:2      | Upgraded the game from 0.20-a0-261-gcb1eca7 to 0.20-a0-263-g81abdfb
  2013 | D:3      | Reached XP level 5. HP: 21/32 MP: 5/5
  2389 | D:3      | Noticed Jessica
  2413 | D:3      | Killed Jessica
  2742 | D:4      | Noticed an ogre
  2756 | D:4      | Killed an ogre
  2756 | D:4      | Reached skill level 4 in Fighting
  2756 | D:4      | Reached XP level 6. HP: 6/39 MP: 6/6
  3207 | D:4      | Reached skill level 5 in Fighting
  3267 | D:4      | Reached skill level 9 in Fighting
  3267 | D:4      | Reached skill level 5 in Armour
  3267 | D:4      | Reached XP level 7. HP: 51/51 MP: 7/7
  3374 | D:4      | Reached *** piety under Trog
  3462 | D:5      | Entered Level 5 of the Dungeon
  3463 | D:5      | Reached skill level 10 in Fighting
  3463 | D:5      | Reached skill level 5 in Dodging
  3463 | D:5      | Reached XP level 8. HP: 58/58 MP: 8/8
  3815 | D:5      | Found a sand-covered staircase.
  3823 | Ossuary  | Entered an ossuary
  4054 | Ossuary  | Reached XP level 9. HP: 62/63 MP: 9/9
  5045 | D:6      | Found a staircase to the Ecumenical Temple.
  5077 | D:6      | Found a radiant altar of Vehumet.
  5214 | D:6      | Reached **** piety under Trog
  5532 | D:6      | Noticed Sigmund
  5548 | D:6      | Killed Sigmund
  5641 | Temple   | Entered the Ecumenical Temple
  6147 | D:7      | Found Jywnayhin's Serpentskin Sales.
  6170 | D:7      | Found a shadowy altar of Dithmenos.
  6307 | D:7      | Found a hide-covered altar of Uskayaw.
  7038 | D:8      | Reached XP level 10. HP: 64/68 MP: 10/10
  7420 | D:8      | Reached ***** piety under Trog
  7433 | D:8      | Reached skill level 10 in Armour
  7699 | D:8      | Reached skill level 11 in Fighting
  7973 | D:8      | Found a staircase to the Lair.
  8624 | D:9      | Reached XP level 11. HP: 76/76 MP: 11/11
  8717 | D:9      | Reached skill level 12 in Fighting
  8887 | D:9      | Found a staircase to the Orcish Mines.
  8964 | D:10     | Entered Level 10 of the Dungeon
  8994 | D:10     | Received a gift from Trog
  9294 | D:10     | Found an ancient bone altar of Kikubaaqudgha.
  9776 | D:11     | Found Wuho's Distillery.
  9804 | D:11     | Noticed a cyan ugly thing
  9829 | D:11     | Killed a cyan ugly thing
 10204 | D:11     | Noticed a cyclops
 10218 | D:11     | Killed a cyclops
 10275 | D:11     | Noticed Maurice
 10297 | D:11     | Killed Maurice
 10509 | Lair:1   | Entered Level 1 of the Lair of Beasts
 10586 | Lair:1   | You fall through a shaft!
 10627 | Lair:1   | Noticed an oklob plant
 11309 | Lair:2   | Noticed a six-headed hydra
 11337 | Lair:2   | Killed a six-headed hydra
 11337 | Lair:2   | Reached XP level 12. HP: 71/81 MP: 12/12
 11381 | Lair:2   | Received a gift from Trog
 11421 | Lair:2   | Noticed a seven-headed hydra
 11433 | Lair:2   | Killed a seven-headed hydra
 11719 | Lair:2   | Noticed an eight-headed hydra
 11728 | Lair:2   | Killed an eight-headed hydra
 12173 | Lair:3   | Noticed a death yak
 12186 | Lair:3   | Killed a death yak
 12255 | Lair:3   | Received a gift from Trog
 12453 | Lair:3   | Found a shimmering altar of Xom.
 12850 | Lair:3   | Reached XP level 13. HP: 77/86 MP: 13/13
 12859 | Lair:3   | Reached skill level 10 in Dodging
 13132 | Lair:3   | Found a staircase to the Swamp.
 13271 | Lair:3   | Reached ****** piety under Trog
 14634 | Lair:4   | Found a staircase to the Snake Pit.
 15021 | Lair:5   | Reached skill level 13 in Fighting
 15424 | Orc:1    | Entered Level 1 of the Orcish Mines
 15835 | Orc:2    | Entered Level 2 of the Orcish Mines
 16135 | Orc:2    | Noticed an ogre mage
 16137 | Orc:2    | Found Temysonn's Weapon Boutique.
 16137 | Orc:2    | Found Qeitodu's Assorted Antiques.
 16145 | Orc:2    | Reached skill level 14 in Fighting
 16149 | Orc:2    | Killed an ogre mage
 16149 | Orc:2    | Received a gift from Trog
 16188 | Orc:2    | Gained mutation: Your large and strong wings let you fly indefinitely. [Gargoyle growth]
 16188 | Orc:2    | Reached XP level 14. HP: 96/96 MP: 14/14
 16284 | Orc:2    | Found Goskaeg's Armour Emporium.
 16284 | Orc:2    | Found Qotzixaunk's Magic Scroll Boutique.
 16344 | Orc:2    | Bought the cursed +0 pair of boots "Hohy" {rN+ Regen+ Int+2} for 219 gold pieces
 16344 | Orc:2    | Bought the cursed +0 pair of gloves "Umephali" {rF+ rN+} for 256 gold pieces
 16390 | Orc:2    | Found a staircase to the Elven Halls.
 16489 | Orc:2    | Reached skill level 15 in Fighting
 16915 | Swamp:1  | Entered Level 1 of the Swamp
 17253 | Swamp:1  | Reached skill level 16 in Fighting
 17790 | Swamp:2  | Noticed a thorn hunter
 17806 | Swamp:2  | Killed a thorn hunter
 17911 | Swamp:2  | Received a gift from Trog
 18044 | Swamp:2  | Noticed a thorn hunter
 18055 | Swamp:2  | Killed a thorn hunter
 18286 | Swamp:2  | Noticed shitimlost's ghost (adept GrGl)
 18340 | Swamp:2  | Killed shitimlost's ghost
 18445 | Swamp:2  | Noticed a thorn hunter
 18466 | Swamp:2  | HP: 3/100 [thorn hunter/volley of thorns (46)]
 18469 | Swamp:2  | Killed from afar by a thorn hunter

Vault maps used:
D:1:      minmay_arrival_shattered_statue
D:2:      lemuel_blue_sif_altar, uniq_crazy_yiuf_cottage
D:3:      uniq_jessica
D:5:      kennysheep_big_flooded_room, first_bread, enter_ossuary_1
D:6:      fiery_altar_vehumet, serial_shops, shop_statue, uniq_sigmund
D:7:      kennysheep_mini, old_standard_altar, guppyfry_shop_venom
D:8:      grunt_lair_entry_orc_guard_hut, grunt_ogre_cave
D:9:      erik_orc_1
D:10:     tgw_kikubaaqudgha
D:11:     serial_shops, nicolae_shop_waterfront, uniq_maurice
Temple:   dpeg_five_rooms_temple
Lair:1:   infiniplex_staircase_pool, minmay_lair_oklob_chamber
Lair:2:   minmay_lair_oklob_tunnel, serial_bayou_shore_a, lemuel_fruit_tree
Lair:3:   regret_index_wax_grids, swamp_mist_pool, lemuel_oklob_altar
Lair:4:   minmay_snake_entry_guardpost_small, serial_bayou_shore_b
Lair:5:   beast_lair_carwin_large_4, dpeg_slime_entry_corner,
          grunt_megastairs_5, infiniplex_staircase_pool_2
Swamp:1:  hangedman_swamp_pad
Swamp:2:  serial_swamp_ruin, evilmike_swamp_ruin_house_5,
          evilmike_swamp_ruin_house_3, evilmike_swamp_ruin_house_6, swamp_pool4
Orc:2:    st_orc_ogre_mass
Ossuary:  ossuary_tomb_3

Skill      XL: |  1  2  3  4  5  6  7  8  9 10 11 12 13 14 |
---------------+-------------------------------------------+-----
Maces & Flails | 4 5 6 9 11 12 13 | 13.2
Fighting       | 4 9 10 11 12 14 16 | 16.0
Armour         | 5 7 8 9 10 12 | 12.3
Dodging        | 4 5 6 7 9 11 | 11.0

Action                   |  1- 3 |  4- 6 |  7- 9 | 10-12 | 13-15 || total
-------------------------+-------+-------+-------+-------+-------++-------
Melee: Whip              |   164 |   246 |   389 |       |       ||   799
       Mace              |     2 |       |       |       |       ||     2
       Morningstar       |       |       |    91 |   325 |       ||   416
       Demon whip        |       |       |       |   662 |   821 ||  1483
       Great mace        |       |       |       |       |    16 ||    16
Invok: Berserk           |       |     1 |       |     3 |     2 ||     6
       Burn Spellbooks   |       |       |       |     1 |     1 ||     2
       Brothers in Arms  |       |       |       |       |     5 ||     5
 Abil: Fly               |       |       |       |       |     1 ||     1
  Use: Scroll            |     2 |     8 |    12 |     4 |     8 ||    34
       Potion            |       |     1 |     1 |     1 |     4 ||     7
 Stab: Distracted        |       |       |       |       |     1 ||     1
  Eat: Chunk             |     1 |     8 |     3 |    21 |    18 ||    51
       Bread ration      |       |       |     2 |       |       ||     2
       Fruit             |       |       |       |       |     4 ||     4
       Royal jelly       |       |       |       |       |     1 ||     1
Armor: Animal skin       |     3 |       |       |       |       ||     3
       Leather armour    |    65 |       |       |       |       ||    65
       Chain mail        |     6 |    68 |       |       |       ||    74
       Ring mail         |       |    32 |   129 |    70 |       ||   231
       Plate armour      |       |       |       |   379 |   372 ||   751
       Skin              |       |       |       |       |     5 ||     5
Dodge: Dodged            |   100 |    89 |   172 |   363 |   331 ||  1055
Block: Other             |       |       |    12 |    52 |    48 ||   112
       Reflection        |       |       |     1 |     4 |     1 ||     6
